 Dungeon Crawl Stone Soup version 0.23.2-1-ga50397a (webtiles) character file.

Game seed: 3101226786730414764

46 Iscandelvey the Vexing (level 3, -3/26 HPs)
             Began as a Demonspawn Arcane Marksman on Apr 30, 2019.
             Slain by a quokka (4 damage)
             ... on level 2 of the Dungeon.
             The game lasted 00:00:40 (1191 turns).

Iscandelvey the Vexing (Demonspawn Arcane Marksman) Turns: 1191, Time: 00:00:40

Health: -3/26      AC:  2    Str: 10    XL:     3   Next: 44%
Magic:  4/4        EV: 12    Int: 15    God:
Gold:   83         SH:  0    Dex: 13    Spells: 3/4 levels left

rFire    . . .     SeeInvis .   a - +0 hand crossbow
rCold    . . .     Gourm    .   (no shield)
rNeg     . . .     Faith    .   e - +0 robe
rPois    .         Spirit   .   (no helmet)
rElec    .         Reflect  .   (no cloak)
rCorr    .         Harm     .   (no gloves)
MR       .....                  (no boots)
Stlth    ++........             (no amulet)
HPRegen  0.08/turn              (no ring)
MPRegen  0.09/turn              (no ring)

@: no status effects
A: nightstalker 1
a: no special abilities


You were on level 2 of the Dungeon.
You were hungry.

You visited 1 branch of the dungeon, and saw 2 of its levels.

You collected 83 gold pieces.

Inventory:

Hand Weapons
 a - a +0 hand crossbow (weapon)
Missiles
 d - a bolt (quivered)
Armour
 e - a +0 robe (worn)
Scrolls
 c - a scroll of noise {unknown}
 h - a scroll of fear {unknown}
 i - a scroll of enchant armour {unknown}
Potions
 b - a potion of berserk rage {unknown}
 g - a potion of degeneration {unknown}
 j - a potion of resistance {unknown}
 k - a potion of might {unknown}
Comestibles
 f - 4 rations


   Skills:
 + Level 1.0 Fighting
 + Level 2.5 Crossbows
 + Level 2.1 Dodging
 + Level 1.0 Spellcasting
 + Level 3.7 Hexes


You had 3 spell levels left.
You knew the following spells:

 Your Spells              Type           Power        Failure   Level  Hunger
a - Corona                Hex            ##.....      5%          1    ##.....

Your spell library contained the following spells:

 Spells                   Type           Power        Failure   Level  Hunger
 Slow                     Hex            ##......     8%          2    ###....
 Inner Flame              Hex/Fire       #.......     34%         3    ####...
 Portal Projectile        Hex/Tloc       #.....       34%         3    ####...
 Cause Fear               Hex            ##........   45%         4    #####..
 Leda's Liquefaction      Hex/Erth       #.........   75%         4    #####..


Dungeon Overview and Level Annotations

Branches:
Dungeon (2/15)

Altars:


Innate Abilities, Weirdness & Mutations

You are slightly more attuned to the shadows.


Message History

Okay, then.
Firing (i - inventory) No suitable missiles.
Press: ? - help, Shift-Dir - straight line, f/p - gnoll
Aim: a gnoll, wielding a +0 halberd (severely wounded)
Okay, then.
The quokka misses you. The gnoll hits you with a +0 halberd!
* * * LOW HITPOINT WARNING * * *
Things that are here:
a +0 club; 2 bolts
d - 2 bolts The quokka closely misses you.
The gnoll closely misses you. The quokka bites you.
* * * LOW HITPOINT WARNING * * *
Firing (i - inventory)
d - 2 bolts (quivered)
Press: ? - help, Shift-Dir - straight line, f/p - gnoll
Aim: a gnoll, wielding a +0 halberd (severely wounded)
You shoot a bolt. The bolt completely misses the gnoll.
A giant cockroach comes into view.
The quokka bites you.
You die...

.......# #.###........#.####<.
#.####.# #.# #..#.............
#.####.######s###.....###.#.####.
#........†.......#.#..##.##......
######.######....#....#.. #.#.###
#.# #....##.#...# #.##.# #.#
#.#..# .... ..# ## #.# #.###.#
#.## #.. ######.# ## #.@#
.......# #..rg# ######## #.#(..
#.#.... # ..(... .(.>....
...(....#


You could see a gnoll, a quokka and a giant cockroach (wandering).

Vanquished Creatures
  2 gnolls (D:2)
  An adder (D:2)
  A worm (D:2)
  2 bats (D:1)
  A giant cockroach (D:1)
  A goblin (D:1)
  2 hobgoblins
  2 frilled lizards (D:1)
  3 kobolds (D:1)
  A quokka skeleton (D:2)
  3 rats
19 creatures vanquished.

Notes
Turn   | Place    | Note
-------+----------+-------------------------------------------
     0 | D:1      | Iscandelvey the Demonspawn Arcane Marksman began the quest
                  | for the Orb.
     0 | D:1      | Reached XP level 1. HP: 15/15 MP: 2/2
   370 | D:1      | Gained mutation: You are slightly more attuned to the
                  | shadows. [demonic ancestry]
   370 | D:1      | Reached XP level 2. HP: 21/21 MP: 3/3
  1182 | D:2      | Reached XP level 3. HP: 26/26 MP: 4/4
  1190 | D:2      | HP: 1/26 [quokka (1)]
  1191 | D:2      | Slain by a quokka

Skill      XL: |  1 |
---------------+----+-----
Dodging        | 2 |  2.1
Crossbows      | 2 |  2.5
Fighting       | |  1.0
Spellcasting   | |  1.0
Hexes          | |  3.7

Action                   || total
-------------------------++-------
 Fire: Hand crossbow     ||    50
Armor: Robe              ||     1
Dodge: Dodged            ||    14
